cohdb
Replays
Latest Replays
All Replays
Popular Replays
Top Player Replays
Match Explorer
How It Works
Community
CoH3 Stats
Reddit
Sign in to upload your games and track your stats! →
Sign in with Steam
Match 45890939
Unlisted
Match 45890939
Overview
Messages
Build Orders
End
Construct Barracks
Riflemen Squad
Riflemen Squad
Riflemen Squad
Riflemen Squad
Construct Medical Station
Grenade Package
Selects Special Operations Battlegroup
Selects Smoke Screen
Selects SSF Commando Squad
SSF Commando Squad
SSF Commando Squad
Selects Air Re-supply Operation
Air Re-Supply Operation
Selects M29 Weasel with M1 Pack Howitzer
Construct Weapon Support Center
Infantry Support Center
Selects Mark Vehicle
Selects UNKNOWN (2162291)
Construct Tank Depot
M4A1 Sherman Whizbang
Air Re-Supply Operation
M4A1 Sherman Medium Tank
M18 Hellcat Tank Destroyer
Engineer Squad
M4A1 Sherman Whizbang
.30 cal Machine Gun
M1919 Machine Gun Team
Mael Radec
Le Sharkbird
0
0
Comments
sign in to comment!
No comments posted yet!